 Dungeon Crawl Stone Soup version 0.19.4 (webtiles) character file.

1718 dngmouse the Cleaver (level 8, -4/72 HPs)
             Began as a Deep Dwarf Fighter on Feb 5, 2017.
             Was a Believer of Makhleb.
             Slain by a bullfrog (5 damage)
             ... on level 6 of the Dungeon.
             The game lasted 00:24:58 (4210 turns).

dngmouse the Cleaver (Deep Dwarf Fighter)           Turns: 4210, Time: 00:24:59

Health: -4/72      AC: 14    Str: 18 (21) XL:     8   Next: 75%
Magic:  8/8        EV:  8    Int: 11 (13) God:    Makhleb [**....]
Gold:   304        SH:  9    Dex: 17 (19) Spells: 0 memorised, 7 levels left

rFire  . . .     SeeInvis .     a - +1 war axe
rCold  . . .     Gourm    .     y - +0 plate armour (curse)
rNeg   + . .     Faith    .     c - +0 shield
rPois  .         Spirit   .     (no helmet)
rElec  .         Reflect  .     H - +0 cloak
rCorr  +         Harm     .     (no gloves)
MR     +....                    s - +1 pair of boots
Stlth  ..........               (no amulet)
                                p - ring of positive energy
                                m - ring of resist corrosion

@: brilliant, agile, non-regenerating
A: damage resistance, recharge devices, sense surroundings 1, slow regeneration
3
a: Device Recharging, Minor Destruction, Renounce Religion


You were on level 6 of the Dungeon.
You worshipped Makhleb.
Makhleb was pleased with you.
You were not hungry.

You visited 2 branches of the dungeon, and saw 7 of its levels.
You also visited: Ossuary.

You collected 304 gold pieces.

Inventory:

Hand Weapons
 a - a +1 war axe (weapon)
Missiles
 M - 2 tomahawks (quivered)
Armour
 c - a +0 shield (worn)
 s - a +1 pair of boots (worn)
 y - a cursed +0 plate armour (worn)
 H - a +0 cloak (worn)
Jewellery
 m - a ring of resist corrosion (left hand)
 p - a ring of positive energy (right hand)
Wands
 e - a wand of heal wounds (0/9)
 v - a wand of iceblast (6/15)
 w - a wand of confusion (31/48)
 G - a wand of flame (18/48)
Scrolls
 b - 7 scrolls of remove curse
 g - a scroll of teleportation
 i - a scroll of fear
 n - 10 scrolls of identify
 E - 2 scrolls of magic mapping
 F - a scroll of fog
Potions
 d - 5 potions of might
 D - a potion of flight
Books
 B - a book of Maledictions

   Spells                             Type                      Level
   a - Corona                         Hexes                        1
   b - Ensorcelled Hibernation        Hexes/Ice                    2
   c - Confuse                        Hexes                        3
   d - Tukima's Dance                 Hexes                        3
   e - Dazzling Spray                 Conjuration/Hexes            3
Comestibles
 f - 2 bread rations
 j - 3 slices of pizza
 q - 2 royal jellies
 r - 12 chunks of flesh
 u - 3 fruits
 x - a beef jerky
 A - 4 meat rations


   Skills:
 + Level 4.0 Fighting
 + Level 11.7 Axes
 + Level 3.2 Armour
 + Level 0.0 Dodging
 - Level 3.2 Shields
 + Level 0.0 Evocations


You had 7 spell levels left.
You didn't know any spells.

Dungeon Overview and Level Annotations

Branches:
Dungeon (6/15)             Temple (1/1) D:4

Altars:
Ashenzari
Gozag
Hepliaklqana
Kikubaaqudgha
Makhleb
Uskayaw
Xom

Annotations:
D:6 bananaglory's ghost, novice HOGl


Innate Abilities, Weirdness & Mutations

You are resistant to damage.
You can recharge devices by infusing magical energy.
You passively map a small area around you.
You do not regenerate.


Message History

Level annotation: bananaglory's ghost, novice HOGl A bullfrog comes into view.
Found 19 arrows.
There is a stone staircase leading up here.
You are too injured to fight recklessly!
You slash the bullfrog!
The bullfrog is moderately wounded.
You block the bullfrog's attack.
The bullfrog hits you but does no damage.
You slash the bullfrog!
The bullfrog is severely wounded.
The bullfrog completely misses you. The bullfrog hits you.
* * * LOW HITPOINT WARNING * * *
You closely miss the bullfrog.
The bullfrog is severely wounded.
The bullfrog hits you but does no damage.
You hit the bullfrog.
The bullfrog is almost dead.
You block the bullfrog's attack. The bullfrog hits you.
You die...

*,* ## * .# *
#.. .# * , ,
#..# .# # ,
#..####.###..
#.......(...
#...........
#....F......
* ,
#...@.......,
#...........
*
#..........#
#..........#
#..........#
#.........##
###########


You could see a bullfrog.

Vanquished Creatures
  A sky beast (D:6)
  A centaur (D:6)
  A water moccasin skeleton (D:5)
  A scorpion (D:4)
  2 crimson imps (D:5)
  A bullfrog zombie (Ossuary)
  A jelly (D:3)
  2 centaur zombies
  2 hounds (D:4)
  A bullfrog skeleton (D:5)
  4 orc priests
  Crazy Yiuf (D:4)
  19 mummies (Ossuary)
  An iguana (D:4)
  8 orc wizards
  2 worker ants (D:5)
  A killer bee zombie (Ossuary)
  4 hound zombies (Ossuary)
  Robin (D:3)
  A howler monkey zombie (Ossuary)
  7 gnolls
  6 adders
  2 shadow imps
  An adder zombie (Ossuary)
  3 worms
  2 dart slugs (D:2)
  A leopard gecko (D:4)
  27 orcs
  4 giant cockroaches
  14 goblins
  11 hobgoblins
  7 jackals
  A quokka (D:3)
  A ball python (D:5)
  4 bats
  3 frilled lizards
  A jackal skeleton (D:5)
  A jackal zombie (Ossuary)
  2 kobolds (D:1)
  A quokka zombie (Ossuary)
  7 rats
161 creatures vanquished.

Vanquished Creatures (others)
  An orc wizard (D:3)
1 creature vanquished.

Grand Total: 162 creatures vanquished

Notes
Turn   | Place    | Note
-------+----------+-------------------------------------------
     0 | D:1      | dngmouse the Deep Dwarf Fighter began the quest for the Orb.
     0 | D:1      | Reached XP level 1. HP: 20/20 MP: 1/1
   122 | D:1      | Reached XP level 2. HP: 22/27 MP: 2/2
   258 | D:1      | Reached skill level 3 in Axes
   631 | D:2      | Reached XP level 3. HP: 16/34 MP: 3/3
   807 | D:2      | Reached skill level 4 in Axes
  1011 | D:2      | Reached XP level 4. HP: 35/42 MP: 4/4
  1409 | D:3      | Noticed Robin
  1437 | D:3      | Killed Robin
  1437 | D:3      | Reached skill level 5 in Axes
  1437 | D:3      | Reached XP level 5. HP: 44/50 MP: 5/5
  1591 | D:3      | Reached skill level 6 in Axes
  1591 | D:3      | Reached XP level 6. HP: 25/57 MP: 6/6
  1844 | D:4      | Found a hazy altar of Hepliaklqana.
  1943 | D:4      | Reached skill level 7 in Axes
  1987 | D:4      | Found a runed door.
  2088 | D:4      | Found a staircase to the Ecumenical Temple.
  2095 | Temple   | Entered the Ecumenical Temple
  2171 | Temple   | Became a worshipper of Makhleb the Destroyer
  2296 | D:4      | Found a shattered altar of Ashenzari.
  2568 | D:4      | Reached XP level 7. HP: 21/64 MP: 7/7
  2662 | D:4      | Noticed Crazy Yiuf
  2670 | D:4      | Killed Crazy Yiuf
  2722 | D:5      | Entered Level 5 of the Dungeon
  2809 | D:5      | Reached skill level 8 in Axes
  2940 | D:5      | Found a sand-covered staircase.
  2947 | Ossuary  | Entered an ossuary
  2972 | Ossuary  | Reached skill level 9 in Axes
  2980 | Ossuary  | Reached * piety under Makhleb
  3153 | Ossuary  | Reached XP level 8. HP: 41/72 MP: 8/8
  3204 | Ossuary  | Reached skill level 10 in Axes
  3584 | D:5      | Found an opulent altar of Gozag.
  3853 | D:5      | Reached ** piety under Makhleb
  3857 | D:5      | Reached skill level 11 in Axes
  4137 | D:6      | Noticed bananaglory's ghost (novice HOGl)
  4148 | D:6      | HP: 2/72 [bananaglory's ghost (6)]
  4208 | D:6      | HP: 1/72 [bullfrog (1)]
  4210 | D:6      | Slain by a bullfrog

Skill      XL: |  1  2  3  4  5  6  7  8 |
---------------+-------------------------+-----
Axes           | 3 4 5 6 7 9 11 | 11.7
Fighting       | 3 4 |  4.0
Armour         | |  3.2
Shields        | |  3.2

Action                   |  1- 3 |  4- 6 |  7- 9 || total
-------------------------+-------+-------+-------++-------
Melee: War axe           |   111 |   173 |   304 ||   588
Throw: Tomahawk          |       |       |     6 ||     6
Evoke: Wand              |     1 |     2 |     4 ||     7
  Use: Scroll            |     3 |       |     8 ||    11
       Potion            |       |       |    15 ||    15
 Stab: Invisible         |       |       |     8 ||     8
       Confused          |       |       |     1 ||     1
  Eat: Chunk             |     1 |     5 |     6 ||    12
Armor: Scale mail        |    54 |       |       ||    54
       Plate armour      |     3 |   138 |   118 ||   259
       Skin              |       |       |     5 ||     5
Dodge: Dodged            |    38 |    12 |    15 ||    65
Block: Shield            |    62 |    98 |   102 ||   262
